 Dungeon Crawl Stone Soup version 0.27-a0-869-g165b36e3f0 (webtiles) character file.

Game seed: 17531909073330370453

16 mhtbhm the Skirmisher (level 2, 0/20 HPs)
             Began as a Gargoyle Fighter on Apr 2, 2021.
             Was a Follower of Zin.
             Slain by a kobold
             ... wielding a +0 dagger
              (2 damage)
             ... on level 1 of the Dungeon.
             The game lasted 00:00:43 (525 turns).

mhtbhm the Skirmisher (Gargoyle Fighter)             Turns: 525, Time: 00:00:43

Health: 0/20       AC: 10    Str: 19    XL:     2   Next: 54%
Magic:  2/2        EV:  7    Int:  8    God:    Zin [*.....]
Gold:   59         SH:  9    Dex:  9    Spells: 1/1 levels left

rFire    . . .     SeeInvis .   a - +0 flail
rCold    . . .     Faith    .   c - +0 kite shield
rNeg     + . .     Spirit   .   b - +0 scale mail rPois āˆž Reflect .
                                e - +0 helmet
rElec    +         Harm     .   (no cloak)
rCorr    .         Rampage  .   (no gloves)
Will     .....                  (no boots)
Stlth    ..........             (no amulet)
HPRegen  0.06/turn              (no ring)
MPRegen  0.08/turn              (no ring)

@: no status effects
A: AC +2, negative energy resistance 1, electricity resistance, torment
resistance 1, unbreathing 1, petrification resistance
a: Renounce Religion, Recite, Donate Gold


You were on level 1 of the Dungeon.
You worshipped Zin.
Zin was aware of your devotion.
You visited 1 branch of the dungeon, and saw 1 of its levels.

You collected 65 gold pieces.
You donated 6 gold pieces to Zin.

Inventory:

Hand Weapons
 a - a +0 flail (weapon)
Missiles
 f - 19 stones (quivered)
Armour
 b - a +0 scale mail (worn)
 c - a +0 kite shield (worn)
 e - a +0 helmet (worn)
Scrolls
 g - a scroll of teleportation {unknown}
Potions
 d - a potion of might


   Skills:
 + Level 3.7 Fighting
 + Level 2.2 Maces & Flails
 + Level 3.4 Armour
 + Level 0.3 Dodging
 + Level 3.4 Shields


You had one spell level left.
You didn't know any spells.
Your spell library contained the following spells:

 Spells                   Type           Power      Damage    Failure   Level
 Poisonous Vapours        Pois/Air       0%         N/A       100%        2
 Conjure Flame            Conj/Fire      0%         6-21      100%        3
 Mephitic Cloud           Conj/Pois/Air  0%         N/A       100%        3
 Freezing Cloud           Conj/Ice/Air   0%         6-21      100%        6


Dungeon Overview and Level Annotations

Branches:
Dungeon (1/15)

Altars:
Zin


Innate Abilities, Weirdness & Mutations

Your stone body is resilient. (AC +2)
You are immune to poison.
You resist negative energy. (rN+)
You are resistant to electric shocks. (rElec)
You are resistant to unholy torment.
You can survive without breathing.
You are immune to petrification.


Message History

You sock the endoplasm!
You kill the endoplasm!
Your shield prevents you from hitting the hobgoblin.
The hobgoblin hits you.
You hit the kobold.
The kobold is severely wounded.
The hobgoblin barely misses you. You block the kobold's attack.
The hobgoblin hits you but does no damage.
You closely miss the kobold.
The kobold is severely wounded.
The kobold barely misses you.
The hobgoblin hits you but does no damage.
The kobold hits you but does no damage.
You barely miss the kobold.
The kobold is moderately wounded.
The hobgoblin hits you but does no damage.
The kobold hits you but does no damage. You block the hobgoblin's attack.
The kobold hits you but does no damage.
You barely miss the kobold.
The kobold is moderately wounded.
The hobgoblin hits you.
* * * LOW HITPOINT WARNING * * *
You block the kobold's attack.
You miss the kobold. The hobgoblin closely misses you.
You block the kobold's attack. The hobgoblin hits you.
* * * LOW HITPOINT WARNING * * *
The kobold hits you but does no damage.
You closely miss the kobold. The hobgoblin barely misses you.
The kobold hits you but does no damage.
You miss the kobold. You block the hobgoblin's attack.
The kobold hits you but does no damage.
The hobgoblin hits you but does no damage.
The kobold hits you but does no damage.
Unknown command.
Your shield prevents you from hitting the hobgoblin.
The hobgoblin hits you but does no damage.
The kobold hits you but does no damage.
Your shield and scale mail prevent you from hitting the kobold.
You block the hobgoblin's attack. The kobold hits you with a +0 dagger.
You die...

###...####.#.........ā‰ˆPā‰ˆ#.....#..
##### #.##############.##..... ###
..#...[.... .. #......... #.
#........ # #. # # ##.....#. #.# #.
#.# #.....#. .... #.###.### ###.###.
.....#.#@g...#.#####.###.
......)#K#.#.#...........
^.....g.g....#######.###.
.......#.#.#.............
.....#.#......########### ....
#....#...# #.# ####...### #
........## #########


You could see a hobgoblin, a goblin and a kobold.

Vanquished Creatures
  A dart slug (D:1)
  A ball python (D:1)
  2 endoplasms (D:1)
  A giant cockroach (D:1)
  A goblin (D:1)
  2 jackals (D:1)
  3 kobolds (D:1)
  A rat (D:1)
12 creatures vanquished.

Notes
Turn   | Place    | Note
-------+----------+-------------------------------------------
     0 | D:1      | mhtbhm the Gargoyle Fighter began the quest for the Orb.
     0 | D:1      | Reached XP level 1. HP: 14/14 MP: 1/1
   121 | D:1      | Reached XP level 2. HP: 19/19 MP: 2/2
   284 | D:1      | Found a faded altar of an unknown god.
   353 | D:1      | Became a worshipper of Zin the Law-Giver
   353 | D:1      | Reached * piety under Zin
   525 | D:1      | Slain by a kobold

Illustrated notes

Levels and vault maps discovered:
D:1:      psy_arrival_conway, layout_loops_ring, basic_ecumenical_altar,
          serial_shops, nicolae_shop_window_shopping

Action                   || total
-------------------------++-------
Melee: Flail             ||    54
Armor: Scale mail        ||    41
Dodge: Dodged            ||    26
Block: Kite shield       ||    32

Table legend: (Time is in decaauts)
 A = Elapsed time spent in this place.
 B = Non-inter-level travel time spent in this place.
 C = Inter-level travel time spent in this place.
 D = Time resting spent in this place.
 E = Time spent auto-exploring this place.
 F = Levels seen in this place.
 G = Mean time per level.
                   A        B        C        D        E       F      G
               +--------+--------+--------+--------+--------+-----+--------+
         Total |    557 |    557 |      0 |      0 |    384 |   1 |  557.0 |
       Dungeon |    557 |    557 |      0 |      0 |    384 |   1 |  557.0 |
               +--------+--------+--------+--------+--------+-----+--------+

Top non-repeatable levels by time:
     D:1: 557 daAuts
